 Seeded DCSS version 0.30-a0-1008-g30c9307041 (webtiles) character file.

Game seed: 20230403 (custom seed)

2 a11behringer the Cudgeller (level 1, -1/19 HPs)
             Began as an Armataur Berserker on Apr 3, 2023.
             Was a Follower of Trog.
             Slain by an iguana (8 damage)
             ... on level 4 of the Dungeon on Apr 5, 2023.
             The game lasted 00:01:33 (100 turns).

a11behringer the Cudgeller (Armataur Berserker)      Turns: 100, Time: 00:01:34

Health: -1/19      AC:  4    Str: 22    XL:     1   Next: 25%
Magic:  1/1        EV:  9    Int:  7    God:    Trog [*.....]
Gold:   0          SH:  0    Dex:  9    Spells: 0/0 levels left

rFire   . . .      SeeInvis .    a - +0 mace
rCold   . . .      Faith    .    (no shield)
rNeg    . . .      Spirit   .    b - +0 animal skin
rPois   .          Reflect  .    (no helmet)
rElec   .          Roll     +    (no cloak)
rCorr   .                        (no gloves)
Will    .....                    (no barding)
Stlth   +                        (no amulet)
HPRegen 0.23/turn                (no ring)
MPRegen 0.07/turn                (no ring)

@: no status effects
A: large, rugged brown scales 3, deformed body, armoured tail, roll, long
tongue, awkward tongue
a: Renounce Religion, Berserk


You were on level 4 of the Dungeon.
You worshipped Trog.
Trog was aware of your devotion.
You visited 1 branch of the dungeon, and saw 3 of its levels.

Inventory:

Hand Weapons
 a - a +0 mace (weapon)
Armour
 b - a +0 animal skin (worn)


   Skills:
 + Level 2.7 Fighting
 + Level 2.7 Maces & Flails
 + Level 2.4 Armour
 + Level 1.4 Dodging


You couldn't memorise any spells.
You didn't know any spells.
Your spell library was empty.

Dungeon Overview and Level Annotations

Branches:
Dungeon (4/15)
 Temple: D:4-7

Altars:


Innate Abilities, Weirdness & Mutations

You are completely covered in rugged brown scales. (AC +3, +7% HP)
Armour fits poorly on your strangely shaped body.
You have a long armoured tail.
You roll when moving toward enemies. (Rampage)
Your long tongue fully drains potion bottles. (2x potion effects)
Your tongue gives you trouble enunciating. (1.5x scroll delay)


Message History

You open the door.
An iguana is nearby!
There is an open door here.
A hobgoblin comes into view.
The hobgoblin moves out of view.
The hobgoblin hits you. The iguana attacks as you move away!
The iguana barely misses you. The hobgoblin hits you.
The hobgoblin closely misses you. The hobgoblin attacks as you move away!
The hobgoblin hits you but does no damage.
The hobgoblin attacks as you move away! The hobgoblin barely misses you.
The hobgoblin attacks as you move away! The hobgoblin barely misses you.
Things that are here:
15 gold pieces; a book of Touch The hobgoblin attacks as you move away!
The hobgoblin hits you but does no damage.
The hobgoblin attacks as you move away!
The hobgoblin hits you but does no damage.
The hobgoblin attacks as you move away!
The hobgoblin hits you but does no damage.
Found a stone staircase leading up.
The hobgoblin attacks as you move away!
The hobgoblin hits you but does no damage.
You hit the hobgoblin.
The hobgoblin is severely wounded.
The hobgoblin barely misses you.
You completely miss the hobgoblin. You tail-slap the hobgoblin.
You kill the hobgoblin!
Trog accepts your kill.
You barely miss the iguana. You tail-slap the iguana!
The iguana is moderately wounded.
The iguana bites you!
You completely miss the iguana.
The iguana is moderately wounded.
The iguana completely misses you. The iguana bites you.
You barely miss the iguana.
The iguana is moderately wounded.
The iguana bites you!
You die...

####........#
#...#
#........#
#...##
#........#
##...#
#........#
#.#.#
#........#
###.#
###...####
#l# #.#
#######.#
#<...@l.#
#########


You could see an iguana.

Vanquished Creatures
  A hobgoblin (D:4)
  A goblin (D:1)
2 creatures vanquished.

Notes
Turn   | Place    | Note
-------+----------+-------------------------------------------
     0 | D:1      | a11behringer the Armataur Berserker began the quest for the
                  | Orb.
     0 | D:1      | Reached XP level 1. HP: 19/19 MP: 1/1
    22 | D:1      | Upgraded the game from 0.30-a0-989-g0d87f670db to
                  | 0.30-a0-1008-g30c9307041
    47 | D:2      | You fall into a shaft and drop 2 floors!
    56 | D:4      | Noticed an iguana
   100 | D:4      | Slain by an iguana

Illustrated notes

Levels and vault maps discovered:
D:1:      lightli_arrival_flooded_house, layout_basic, corexii_corridor_pit
D:2:      minmay_angry_zag, layout_loops_ring, basic_altar, uniq_robin,
          uniq_sigmund, uniq_jessica
D:4:      layout_basic, minmay_temple_entry_stoned_glass, uniq_grinder

Action                     || total
---------------------------++-------
  Melee: Mace              ||     6
         Tailslap          ||     3
 Armour: Animal skin       ||     5
  Dodge: Dodged            ||     6

Table legend: (Time is in decaauts)
 A = Elapsed time spent in this place.
 B = Non-inter-level travel time spent in this place.
 C = Inter-level travel time spent in this place.
 D = Time resting spent in this place.
 E = Time spent auto-exploring this place.
 F = Levels seen in this place.
 G = Mean time per level.
                   A        B        C        D        E       F      G
               +--------+--------+--------+--------+--------+-----+--------+
         Total |    100 |     89 |     11 |      0 |     29 |   3 |   33.3 |
       Dungeon |    100 |     89 |     11 |      0 |     29 |   3 |   33.3 |
               +--------+--------+--------+--------+--------+-----+--------+

Top non-repeatable levels by time:
     D:4: 53 daAuts
     D:1: 38 daAuts
     D:2: 8 daAuts
